 Dungeon Crawl Stone Soup version 0.30.1-9-gdf580d7c3d (webtiles) character file.

Game seed: 7706709816711510814

18252 Anriel the Basher (level 12, 0/88 HPs)
             Began as a Human Fighter on Oct 3, 2023.
             Was a High Priest of Okawaru.
             Slain by a wyvern (7 damage)
             ... on level 13 of the Dungeon.
             The game lasted 01:09:01 (13738 turns).

Anriel the Basher (Human Fighter)                  Turns: 13738, Time: 01:09:02

Health: 0/88       AC: 19    Str: 25    XL:     12   Next: 92%
Magic:  18/18      EV: 10    Int:  9    God:    Okawaru [*****.]
Gold:   216        SH:  6    Dex: 12    Spells: 11/11 levels left

rFire   . . .        a - +0 morningstar
rCold   . . .        c - +0 buckler
rNeg    . . .        d - +3 chain mail
rPois   +            V - +0 helmet
rElec   +            (no cloak)
rCorr   .            M - +1 pair of gloves
SInv    .            C - +0 pair of boots
Will    .....        (no amulet) Stlth
                     w - +6 ring of strength
HPRegen 0.34/turn    H - ring "Tetuepla" {rElec rPois Str-3 Slay+4}
MPRegen 0.16/turn

%: no passive effects
@: on berserk cooldown, slowed, studying Stealth, very slow
A: no striking features
a: Renounce Religion, Heroism, Finesse, Duel


You were on level 13 of the Dungeon.
You worshipped Okawaru.
Okawaru was extremely pleased with you.
You visited 2 branches of the dungeon, and saw 14 of its levels.
You also visited: Ossuary and Bailey.

You collected 876 gold pieces.
You spent 660 gold pieces at shops.

Inventory:

Hand Weapons
 a - a +0 morningstar (weapon)
 q - the +6 spear of Fragile Peace {pain, rElec rCorr Int+3 Dex-2}
   (You found it on level 3 of the Dungeon)

   Int:       It affects your intelligence (+3).
   Dex:       It affects your dexterity (-2).
   rElec:     It insulates you from electricity.
   rCorr:     It protects you from acid and corrosion.
 P - the +8 trident of the Stained God {heavy, rElec rF+ rC+ Will+}
   (Okawaru gifted it to you on level 12 of the Dungeon)

   rF:        It protects you from fire.
   rC:        It protects you from cold.
   rElec:     It insulates you from electricity.
   Will:      It increases your willpower.
Missiles
 D - 5 javelins (quivered)
Armour
 c - a +0 buckler (worn)
 d - a +3 chain mail (worn)
 f - +0 acid dragon scales
 C - a +0 pair of boots (worn)
 I - a +0 plate armour
 M - a +1 pair of gloves (worn)
 V - a +0 helmet (worn)
Jewellery
 m - an amulet of faith
 r - a ring of positive energy
 w - a +6 ring of strength (left hand)
 A - a ring of wizardry
 H - the ring "Tetuepla" (right hand) {rElec rPois Str-3 Slay+4}
   (You acquired it on level 5 of the Dungeon)

   [ring of slaying]

   Str:       It affects your strength (-3).
   Slay:      It affects your accuracy & damage with ranged weapons and melee
   (+4).
   rElec:     It insulates you from electricity.
   rPois:     It protects you from poison.
 J - a ring of willpower
 N - a +6 ring of intelligence
 R - a ring of protection from fire
 U - a ring of flight
Wands
 b - a wand of acid (18)
 n - a wand of iceblast (8)
 B - a wand of mindburst (3)
 F - a wand of flame (26)
 K - a wand of paralysis (4)
Scrolls
 e - 2 scrolls of magic mapping
 h - 6 scrolls of enchant weapon
 i - 2 scrolls of poison
 j - 2 scrolls of amnesia
 u - 3 scrolls of immolation
 y - a scroll of fog
 G - 9 scrolls of teleportation
 L - 5 scrolls of identify
 Q - 2 scrolls of blinking
Potions
 g - 2 potions of lignification
 k - 6 potions of curing
 l - 3 potions of brilliance
 o - 7 potions of resistance
 p - 4 potions of cancellation
 s - a potion of flight
 t - 2 potions of magic
 v - 4 potions of haste
 x - 2 potions of invisibility
 z - 2 potions of heal wounds
 E - a potion of might
 S - a potion of ambrosia


   Skills:
 + Level 6.3 Fighting
 + Level 10.7 Maces & Flails
 - Level 5.0 Throwing
 - Level 10.0 Armour
 - Level 5.0 Dodging
 - Level 10.0 Shields
 * Level 8.5 Invocations
 - Level 5.0 Evocations


You had 11 spell levels left.
You didn't know any spells.
Your spell library contained the following spells:

 Spells                   Type           Power      Damage    Failure   Level
 Beastly Appendage        Tmut           0%         N/A       88%         1
 Foxfire                  Conj/Fire      0%         2x1d4     88%         1
 Freeze                   Ice            0%         1d3       88%         1
 Shock                    Conj/Air       0%         1d3       88%         1
 Wereblood                Tmut           0%         N/A       96%         2
 Dazzling Flash           Conj/Hex       0%         N/A       99%         3
 Frozen Ramparts          Ice            0%         1d1       99%         3
 Hailstorm                Conj/Ice       0%         3d3       99%         3
 Ignite Poison            Fire/Tmut/Pois 0%         N/A       99%         3
 Spider Form              Tmut/Pois      0%         N/A       99%         3
 Swiftness                Air            0%         N/A       99%         3
 Volatile Blastmotes      Fire/Tloc      0%         2d10      99%         3
 Airstrike                Air            0%         2d(0-16)  100%        4
 Fulminant Prism          Conj/Hex       0%         3d5       100%        4
 Iskenderun's Mystic Bla  Conj/Tloc      0%         2d3       100%        4
 Agony                    Necr           0%         N/A       100%        5
 Fireball                 Conj/Fire      0%         3d3       100%        5
 Lee's Rapid Deconstruct  Erth           0%         3d4*      100%        5
 Silence                  Hex/Air        0%         N/A       100%        5
 Plasma Beam              Fire/Air       0%         2x1d11    100%        6
 Starburst                Conj/Fire      0%         6d3       100%        6
 Haunt                    Necr/Summ      Unusable   N/A       N/A         7

Dungeon Overview and Level Annotations

Branches:
Dungeon (13/15)            Temple (1/1) D:5            Lair (0/5) D:9
    Orc (0/2) D:9         Ossuary (visited)          Bailey (visited)
 Vaults: D:13-14

Altars:
Ashenzari
Cheibriados
Dithmenos
Elyvilon
Fedhas
Gozag
Hepliaklqana
Kikubaaqudgha
Makhleb
Nemelex Xobeh
Okawaru
Qazlal
Ru
Sif Muna
Trog
Uskayaw
Vehumet
Wu Jian
Xom
Yredelemnul
Zin
The Shining One

Shops:
D:1 =   D:3 =   D:5 !   D:7 [   D:9 [   D:11 *   D:12 *


Message History

The black bear claws you.
* * * LOW HITPOINT WARNING * * *
You closely miss the black bear.
The black bear is almost dead.
You block the black bear's attack.
The black bear claws you but does no damage. x2
The black bear bites you.
* * * LOW HITPOINT WARNING * * *
The black bear barely misses you.
The black bear claws you but does no damage.
You sock the black bear!
You kill the black bear!
Okawaru accepts your kill.
You sock the yak!
The yak is moderately wounded.
The yak gores you.
* * * LOW HITPOINT WARNING * * *
The yak closely misses you.
You puncture the yak!
The yak is severely wounded.
You block the yak's attack. The yak barely misses you.
You bludgeon the yak!!
You kill the yak!
Okawaru accepts your kill. The wyvern bites you!
* * * LOW HITPOINT WARNING * * *
You hit the wyvern.
The wyvern is lightly wounded.
The wyvern bites you but does no damage.
You block the wyvern's attack.
You closely miss the wyvern.
The wyvern is lightly wounded.
The wyvern barely misses you. The wyvern bites you!
* * * LOW HITPOINT WARNING * * *
You closely miss the wyvern.
The wyvern is lightly wounded.
The wyvern closely misses you.
The wyvern bites you but does no damage.
The wyvern bites you!
You die...

..## ###.####)##.# ...##
#.####.##.## ....##
#.#........#
.....###......##..###.#..
.....'....?..............
.....###########..###.#.
....##........##..#
...###......!.#...# ..##
#.....h..##@##
'#####.....h.l##l#
....##.....hYl#.h#
.###.###''''###.##
.#........hh..l.#
...#............#
....#.......[..##
..############## .##


You could see a black bear and 2 wyverns.

Vanquished Creatures
  3 two-headed ogres
  2 boulder beetles
  An orc knight (Bailey)
  3 ugly things
  A manticore (D:13)
  3 cyclopes
  2 unseen horrors (D:12)
  4 polar bears (D:13)
  2 trolls
  A wind drake (shapeshifter) (D:13)
  The ghost of kalagan the Conjurer, an amateur DECj (D:4)
  6 wyverns
  A shadow (D:12)
  A wraith (D:12)
  4 basilisks
  4 yaks
  2 hogs (D:13)
  An acid dragon (D:13)
  A warg (D:9)
  4 water moccasins
  An ice beast (D:6)
  A sky beast (D:8)
  3 black bears
  8 orc warriors
  5 centaurs
  3 ogres
  A phantom (D:5)
  Blork the orc (D:4)
  6 bullfrogs
  A water moccasin zombie (D:4)
  2 scorpions
  10 wights
  A water moccasin skeleton (D:4)
  14 killer bees
  3 howler monkeys
  3 hounds
  2 centaur zombies (Ossuary)
  A bullfrog skeleton (D:4)
  2 orc priests
  2 gnoll boudas
  3 jellies
  A sleepcap (D:8)
  Ijyb (D:4)
  4 iguanas
  4 orc wizards
  3 mummies
  8 adders
  20 gnolls
  3 shadow imps
  2 white imps
  A worm (D:3)
  3 dart slugs
  78 orcs
  5 endoplasms
  4 giant cockroaches
  2 gnoll zombies (Ossuary)
  5 goblins
  12 hobgoblins
  2 quokkas
  6 ball pythons
  3 bats
  6 frilled lizards
  2 hobgoblin zombies (Ossuary)
  A kobold (D:4)
  A kobold zombie (Ossuary)
  An orc zombie (Ossuary)
  4 rats
  A spectral kobold (D:2)
303 creatures vanquished.

Notes
Turn   | Place    | Note
-------+----------+-------------------------------------------
     0 | D:1      | Anriel the Human Fighter began the quest for the Orb.
     0 | D:1      | Reached XP level 1. HP: 18/18 MP: 1/1
   223 | D:1      | Reached XP level 2. HP: 24/24 MP: 2/2
   349 | D:1      | Found Haetsy's Jewellery Boutique.
   386 | D:1      | Reached skill level 1 in Throwing
   386 | D:1      | Reached skill level 1 in Dodging
   704 | D:1      | Reached skill level 5 in Fighting
   704 | D:1      | Reached skill level 5 in Armour
   704 | D:1      | Reached skill level 5 in Shields
   704 | D:1      | Reached XP level 3. HP: 33/33 MP: 3/3
   874 | D:2      | Reached XP level 4. HP: 39/39 MP: 4/4
  1089 | D:2      | Found a faded altar of an unknown god.
  1702 | D:3      | Identified the +6 spear of Fragile Peace {pain, rElec rCorr
                  | Int+3 Dex-2}
  1772 | D:3      | Reached XP level 5. HP: 40/44 MP: 5/5
  1872 | D:3      | Found Qucumid's Jewellery Shop.
  1950 | D:3      | Noticed a water moccasin
  1971 | D:3      | Killed a water moccasin
  1972 | D:3      | Reached XP level 6. HP: 15/51 MP: 6/6
  2261 | D:4      | Noticed Blork the orc
  2270 | D:4      | Killed Blork the orc
  2306 | D:4      | Found a sand-covered staircase.
  2320 | Ossuary  | Entered an ossuary
  2411 | Ossuary  | Reached XP level 7. HP: 56/56 MP: 7/7
  2613 | D:4      | Found a transporter.
  2618 | D:4      | Noticed kalagan's ghost (amateur DECj)
  2623 | D:4      | Found a transporter.
  2661 | D:4      | Found an opulent altar of Gozag.
  2963 | D:4      | Noticed Ijyb
  2979 | D:4      | Killed Ijyb
  3275 | D:5      | Entered Level 5 of the Dungeon
  3320 | D:5      | Found a staircase to the Ecumenical Temple.
  3355 | Temple   | Entered the Ecumenical Temple
  3480 | Temple   | Became a worshipper of Warmaster Okawaru
  3601 | D:5      | Found a stormy altar of Qazlal.
  3666 | D:5      | Reached XP level 8. HP: 61/62 MP: 8/8
  3693 | D:5      | Found Aruurag's Distillery.
  3789 | D:5      | Found a broken altar of Ashenzari.
  4079 | D:5      | You fall into a shaft and drop 3 floors!
  4229 | D:7      | Found an ornate altar of the Wu Jian Council.
  4264 | D:7      | Reached * piety under Okawaru
  4269 | D:7      | Found Vangeeze's Antique Armour Emporium.
  4295 | D:7      | Noticed a wyvern
  4298 | D:7      | Reached skill level 5 in Throwing
  4298 | D:7      | Reached skill level 5 in Dodging
  4301 | D:7      | Killed a wyvern
  4302 | D:7      | Reached skill level 1 in Invocations
  4302 | D:7      | Reached XP level 9. HP: 40/68 MP: 8/10
  4317 | D:7      | Reached skill level 1 in Evocations
  4348 | D:7      | Found a flagged portal.
  4357 | Bailey   | Entered a bailey
  4883 | Bailey   | Noticed an orc knight
  4903 | Bailey   | Killed an orc knight
  5130 | Bailey   | Reached skill level 5 in Evocations
  5130 | Bailey   | Reached XP level 10. HP: 74/74 MP: 12/14
  5330 | D:5      | Identified a scroll of acquirement
  5330 | D:5      | Acquired the ring "Tetuepla" {rElec rPois Str-3 Slay+4}
  5581 | D:5      | Found a hazy altar of Hepliaklqana.
  5581 | D:5      | Found a faded altar of an unknown god.
  5586 | D:5      | Found a white marble altar of Elyvilon.
  5593 | D:5      | Reached ** piety under Okawaru
  5594 | D:5      | Found a blossoming altar of Fedhas.
  5595 | D:5      | Found a snail-covered altar of Cheibriados.
  6159 | D:7      | Found a glowing golden altar of the Shining One.
  6612 | D:8      | Reached XP level 11. HP: 32/79 MP: 15/15
  6753 | D:8      | Reached *** piety under Okawaru
  7572 | D:8      | Found a bloodstained altar of Trog.
  8165 | D:4      | Killed kalagan's ghost
  8498 | D:1      | Bought a +6 ring of strength for 468 gold pieces
  8660 | D:9      | Noticed an elephant
  8729 | D:9      | Found a staircase to the Lair.
  9369 | D:9      | Noticed a two-headed ogre
  9386 | D:9      | Killed a two-headed ogre
  9426 | D:9      | Reached **** piety under Okawaru
  9440 | D:9      | HP: 3/71 [wight/+3 halberd (2)]
  9624 | D:9      | Found a staircase to the Orcish Mines.
  9694 | D:9      | Found a hide-covered altar of Uskayaw.
  9694 | D:9      | Found a sacrificial altar of Ru.
  9701 | D:9      | Found Bayfiv's Armour Emporium.
  9710 | D:9      | Bought a +1 pair of gloves for 138 gold pieces
  9853 | D:10     | Entered Level 10 of the Dungeon
  9869 | D:10     | Got the Commentary on Spectres and the Gift
 10328 | D:10     | Received a gift from Okawaru
 10353 | D:10     | Found a shimmering altar of Xom.
 10353 | D:10     | Found a glowing silver altar of Zin.
 10353 | D:10     | Noticed an angel
 11001 | D:11     | Noticed a two-headed ogre
 11009 | D:11     | Killed a two-headed ogre
 11028 | D:11     | Noticed a boulder beetle
 11040 | D:11     | Killed a boulder beetle
 11040 | D:11     | Reached ***** piety under Okawaru
 11041 | D:11     | Reached XP level 12. HP: 63/86 MP: 16/16
 11645 | D:11     | Found Zin's Purification Station.
 11650 | D:11     | Found a glowing silver altar of Zin.
 11885 | D:12     | Received a gift from Okawaru
 12010 | D:12     | Identified the +8 trident of the Stained God {heavy, rElec
                  | rF+ rC+ Will+} (Okawaru gifted it to you on level 12 of the
                  | Dungeon)
 12010 | D:12     | Received a gift from Okawaru
 12011 | D:12     | Reached skill level 10 in Armour
 12011 | D:12     | Reached skill level 10 in Shields
 12034 | D:12     | Found Hoddaff's General Store.
 12245 | D:12     | Reached skill level 10 in Maces & Flails
 12812 | D:9      | Bought a +0 helmet for 54 gold pieces
 13344 | D:13     | Found a huge runed translucent gate.
 13344 | D:13     | Found a huge runed translucent gate.
 13344 | D:13     | Found a huge runed translucent gate.
 13344 | D:13     | Found a huge runed translucent gate.
 13368 | D:13     | Noticed a two-headed ogre
 13368 | D:13     | Noticed a boulder beetle
 13376 | D:13     | Killed a two-headed ogre
 13398 | D:13     | Killed a boulder beetle
 13403 | D:13     | Received a gift from Okawaru
 13700 | D:13     | Received a gift from Okawaru
 13738 | D:13     | Slain by a wyvern

Illustrated notes

Levels and vault maps discovered:
D:1:      dpeg_arrival_orchard, layout_loops_ring, serial_shops, shop
D:2:      minmay_spotlight, layout_loops_corners,
          dreamdust_ecumenical_altar_drowned_temple, kennysheep_path_1,
          patterned_corridor
D:3:      layout_rooms, serial_shops, shop
D:4:      layout_basic, mainiacjoe_overflow_cross_hatched,
          gammafunk_ghost_mausoleum, gup_ossuary_entry_pyramid,
          minmay_manual_maat, uniq_blork_the_orc, uniq_ijyb
D:5:      layout_gridville, nicolae_qazlal_general_emergency,
          cheibrodos_ashenzari_chains, chequers_temple_overflow_minitemple,
          minmay_temple_entry_glass, serial_shops, nicolae_shop_statue_plus,
          minmay_misc_feat_alley
D:6:      layout_gridville
D:7:      layout_rooms, nicolae_overflow_crystal_walls,
          mainiacjoe_overflow_paths, enter_bailey_2, minmay_misc_feat_doors,
          dk_noncrumbling_3, grunt_ministairs_1, minmay_shop_grid_forest
D:8:      layout_loops_corners, mainiacjoe_overflow_alcove_4, special_room
          [special_room_orc], minivault_27, minivault_23
D:9:      layout_roguey [special_room_orc], nicolae_overflow_hidden_temple,
          david_lair_generic, david_orc_3, serial_shops, shop,
          minmay_misc_feat_enclosed
D:10:     layout_gridville, grunt_temple_overflow_order_and_chaos_1
D:11:     layout_basic, minmay_variable_closet, zin_purify
D:12:     layout_small_grid, serial_shops, shop
D:13:     lemuel_bear_cage, layout_loops_corners, nicolae_water_bricks
Temple:   nicolae_temple_godpark

Skill      XL: |  1  2  3  4  5  6  7  8  9 10 11 12 |
---------------+-------------------------------------+-----
Throwing       | 1 2 3 5 |  5.0
Dodging        | 1 2 4 5 |  5.0
Fighting       | 5 6 |  6.3
Maces & Flails | 6 7 8 9 10 | 10.7
Armour         | 5 7 8 9 10 | 10.0
Shields        | 5 7 8 9 10 | 10.0
Invocations    | 1 6 8 |  8.5
Evocations     | 5 |  5.0

Action                     |  1- 3 |  4- 6 |  7- 9 | 10-12 || total
---------------------------+-------+-------+-------+-------++-------
  Melee: Flail             |    57 |   122 |   293 |   469 ||   941
         Morningstar       |       |       |       |   166 ||   166
  Throw: Boomerang         |       |       |    47 |    24 ||    71
         Javelin           |       |       |       |    29 ||    29
 Invoke: Heroism           |       |       |     1 |     1 ||     2
  Evoke: Wand              |       |     2 |       |    78 ||    80
    Use: Scroll            |     6 |     7 |     9 |     5 ||    27
         Potion            |     1 |     1 |     8 |     7 ||    17
   Stab: Paralysed         |       |       |       |    11 ||    11
 Armour: Scale mail        |    21 |    44 |    11 |       ||    76
         Chain mail        |       |       |   114 |   325 ||   439
  Dodge: Dodged            |    16 |    35 |   140 |   246 ||   437
  Block: Buckler           |    12 |    23 |    76 |   172 ||   283
